 Dungeon Crawl Stone Soup version 0.29-a0-356-g7bc237e783 (webtiles) character file.

Game seed: 8943003646591371316

48 spaghetti the Magician (level 3, 24/24 HPs)
             Began as a Barachi Fire Elementalist on Apr 26, 2022.
             Was a Follower of Uskayaw.
             Quit the game on level 2 of the Dungeon.
             The game lasted 00:02:54 (1719 turns).

spaghetti the Magician (Barachi Fire Elementalist)  Turns: 1719, Time: 00:02:54

Health: 24/24      AC:  2    Str:  9    XL:     3   Next: 72%
Magic:  3/8        EV: 12    Int: 17    God:    Uskayaw [*.....]
Gold:   189        SH:  0    Dex: 12    Spells: 6/10 levels left

rFire   . . .      SeeInvis .   c - +0 trident (flame) {polearm}
rCold   + . .      Faith    .   (no shield)
rNeg    + . .      Spirit   .   a - +0 robe
rPois   .          Reflect  .   (no helmet)
rElec   .          Harm     .   (no cloak)
rCorr   .          Rampage  .   (no gloves)
Will    .....                   (no boots)
Stlth   ++........              (no amulet)
HPRegen 0.08/turn               f - ring of protection from cold
MPRegen 0.11/turn               m - ring of positive energy

@: slow
A: amphibious, slowness 1, strong legs 1, +LOS
a: Hop, Renounce Religion, Stomp


You were on level 2 of the Dungeon.
You worshipped Uskayaw.
Uskayaw was noncommittal.
You visited 1 branch of the dungeon, and saw 2 of its levels.

You collected 189 gold pieces.


Innate Abilities, Weirdness & Mutations

You are amphibious.
You cover ground slowly.
You can hop short distances.
You have an extended range of vision and can be seen from far away.


   Skills:
 - Level 2.1 Dodging
 - Level 1.7 Stealth
 + Level 4.1 Spellcasting
 - Level 1.1 Conjurations
 - Level 3.2 Fire Magic


You had 6 spell levels left.
You knew the following spells:

 Your Spells              Type           Power      Damage    Failure   Level
a - Foxfire               Conj/Fire      40%        2x1d6     6%          1
b - Inner Flame           Hex/Fire       9%         N/A       24%         3

Your spell library contained the following spells:

 Spells                   Type           Power      Damage    Failure   Level
 Scorch                   Fire           28%        2d6       6%          2
 Conjure Flame            Conj/Fire      10%        6-21      19%         3
 Flame Wave               Conj/Fire      10%        2d5       54%         4

Inventory:

Hand Weapons
 c - a +0 trident of flaming (weapon) {polearm}
   (You found it on level 1 of the Dungeon)
Missiles
 g - 16 stones {throwing}
 i - 4 poisoned darts {throwing}
Armour
 a - a +0 robe (worn)
Jewellery
 f - a ring of protection from cold (left hand)
   (You found it on level 1 of the Dungeon)
 m - a ring of positive energy (right hand)
   (You found it on level 1 of the Dungeon)
Scrolls
 e - a scroll of teleportation {@r4}
 h - a scroll of silence {unknown}
 j - a scroll of blinking {unknown}
 k - a scroll of fear {unknown}
 n - a scroll of enchant armour {unknown}
Potions
 b - a potion of magic
 d - a potion of heal wounds {unknown}
 l - a potion of lignification {unknown}

Dungeon Overview and Level Annotations

Branches:
Dungeon (2/15)

Altars:
Uskayaw

#.# #.# ### #.# #.# #..
##.## #.# v.. #... #.#
#§# #..# #.# #v# #..#
#.# #.# #..# #.# #.#
#..# ####.####.## #.##
##§..#.##v@§###.#
##.####..§###...v§....#
#.......§§§#.##...#####
#..###..§....###.##
#..#####§#.#.###.# ###
#................####
##.##
#..#...#.#..........#
##.#.#
#......#.###.######.#
##.###. #.##...#.# #.#
##.#######.## ##


There were no monsters in sight!


Message History

Done exploring.
(D) Dungeon
Where to? (? - help)
There is a stone staircase leading down here.
You climb downwards.
Found a stone staircase leading up.
There is a stone staircase leading up here.
Unknown command.
Key pressed, stopping explore.
n - a scroll labelled UGUPTAGAIG
There is a stone staircase leading up here.
There is a stone staircase leading up here.
A frilled lizard comes into view.
As you read the scroll labelled UGUPTAGAIG, it crumbles to dust.
It is a scroll of identify.
e - a scroll of teleportation You reach to attack!
The frilled lizard hisses angrily.
You hit the frilled lizard. You burn the frilled lizard.
You kill the frilled lizard!
You now have 170 gold pieces (gained 10).
You now have 177 gold pieces (gained 7).
Found a faded altar of an unknown god.
You now have 189 gold pieces (gained 12).
A ball python comes into view.
A ball python is nearby!
You reach to attack!
You closely miss the ball python. The ball python completely misses you.
The ball python barely misses you.
You hit the ball python. You burn the ball python.
You kill the ball python!
No target in view!
No target in view!
No target in view!
No target in view!
No target in view!
No target in view!
No target in view!
No target in view!
No target in view!
No target in view!
No target in view!
No target in view!
No target in view!
No target in view!
There is a faded altar of an unknown god here.
You cannot tell which god this altar belongs to.
Convert to them anyway?
Uskayaw accepts your prayer! Uskayaw welcomes you!
You can now stomp with the beat.
n - a scroll labelled KATUOM WAMPEVEFEPH A quokka comes into view.
A quokka is nearby!
A quokka is nearby!
A quokka is nearby!
You reach to attack!
The helpless quokka fails to defend itself.
You puncture the quokka! You burn the quokka.
You kill the quokka!
No target in view!
No target in view!
No target in view!
No target in view!
No target in view!
No target in view!
No target in view!
No target in view!
No target in view!
No target in view!
No target in view!
A dart slug comes into view.
A dart slug is nearby!
A dart slug is nearby!
A dart slug is nearby!
Casting: Foxfire (safe; 6% risk of failure)
Confirm with . or Enter, or press ? or * to list all spells.
You conjure some foxfire! 😎 MP[-1]
You lost 1 mp, and now have 7/8 mp.
Casting: Foxfire (safe; 6% risk of failure)
Confirm with . or Enter, or press ? or * to list all spells.
You conjure some foxfire! 😎 MP[-1]
You lost 1 mp, and now have 6/8 mp.
Casting: Foxfire (safe; 6% risk of failure)
Confirm with . or Enter, or press ? or * to list all spells.
You conjure some foxfire!
The foxfire hits the dart slug. 😎 MP[-1]
You lost 1 mp, and now have 5/8 mp.
Casting: Foxfire (safe; 6% risk of failure)
Confirm with . or Enter, or press ? or * to list all spells.
You conjure some foxfire!
The foxfire hits the dart slug. 😎 MP[-1]
You lost 1 mp, and now have 4/8 mp.
Casting: Foxfire (safe; 6% risk of failure)
Confirm with . or Enter, or press ? or * to list all spells.
You conjure some foxfire!
The foxfire hits the dart slug. x2
You kill the dart slug! 😎 MP[-1]
You lost 1 mp, and now have 3/8 mp.
Are you sure you want to abandon this character and quit the game? (Confirm with "yes".)

Skill      XL: |  1  2  3 |
---------------+----------+-----
Spellcasting   | 3 4 |  4.1
Dodging        | |  2.1
Stealth        | |  1.7
Conjurations   | |  1.1
Fire Magic     | |  3.2

Action                   || total
-------------------------++-------
Melee: Trident           ||    70
 Cast: Foxfire           ||    34
  Use: Scroll            ||     1
 Stab: Sleeping          ||     4
Armor: Robe              ||    13
Dodge: Dodged            ||    42

Levels and vault maps discovered:
D:1:      sevenhm_arrival_forest_fort_small_3, layout_basic, st_stairs_1,
          hangedman_abyss_or_decor_stabs, minmay_gold_behind_fungi
D:2:      layout_loops_ring, serial_rivers, chequers_serial_rivers_micro_d,
          chequers_serial_rivers_micro_e, chequers_serial_rivers_room_b,
          chequers_serial_rivers_micro_b, ebering_ecumenical_altar_mist,
          uniq_crazy_yiuf_cottage

Notes
Turn   | Place    | Note
-------+----------+-------------------------------------------
     0 | D:1      | spaghetti the Barachi Fire Elementalist began the quest for
                  | the Orb.
     0 | D:1      | Reached XP level 1. HP: 13/13 MP: 3/3
     0 | D:1      | magus.rc [v1.9.6]
   242 | D:1      | Reached XP level 2. HP: 19/19 MP: 1/5
   250 | D:1      | Reached skill level 3 in Spellcasting
   559 | D:1      | Reached XP level 3. HP: 23/24 MP: 8/8
   568 | D:1      | Learned a level 3 spell: Inner Flame
  1437 | D:1      | Reached skill level 4 in Spellcasting
  1672 | D:2      | Found a faded altar of an unknown god.
  1695 | D:2      | Prayed at the altar of an unknown god.
  1695 | D:2      | Became a worshipper of Uskayaw the Reveller
  1695 | D:2      | Reached * piety under Uskayaw
  1719 | D:2      | Quit the game

Vanquished Creatures
  A dart slug (D:2)
  4 ball pythons
  2 bats (D:1)
  An endoplasm (D:1)
  5 goblins (D:1)
  3 hobgoblins (D:1)
  9 jackals (D:1)
  6 kobolds (D:1)
  A quokka (D:2)
  4 frilled lizards
  3 rats (D:1)
39 creatures vanquished.

Vanquished Creatures (others)
  50 foxfires
  A fungus (D:1)
  4 toadstools (D:1)
55 creatures vanquished.

Grand Total: 94 creatures vanquished

Table legend:
 A = Non-vault XP
 B = Vault XP
 C = Vault XP percentage of total XP
 D = Non-vault monster count
 E = Vault monster count
 F = Vault count percentage of total count
                 A         B        C        D         E       F
            +---------+---------+-------+---------+---------+-------
      Total |      63 |       6 |   8.7 |      35 |       4 |  10.3
            +---------+---------+-------+---------+---------+-------
        D:1 |      55 |       6 |   9.8 |      31 |       4 |  11.4
        D:2 |       8 |       0 |   0.0 |       4 |       0 |   0.0
            +---------+---------+-------+---------+---------+-------

Illustrated notes

Table legend:
 A = Kills in this place as a percentage of kills in entire the game.
 B = Kills by you in this place as a percentage of kills by you in the entire game.
 C = Kills by friends in this place as a percentage of kills by friends in the entire game.
 D = Other kills in this place as a percentage of other kills in the entire game.
 E = Experience gained in this place as a percentage of experience gained in the entire game.
 F = Experience gained in this place divided by the number of levels of this place that you have seen.
                   A       B       C       D       E      F
               +-------+-------+-------+-------+-------+----------------------
         Total | 100.0 | 100.0 |   N/A |   N/A | 100.0 |  34.5
       Dungeon | 100.0 | 100.0 |   N/A |   N/A | 100.0 |  34.5
               +-------+-------+-------+-------+-------+----------------------

Table legend: (Time is in decaauts)
 A = Elapsed time spent in this place.
 B = Non-inter-level travel time spent in this place.
 C = Inter-level travel time spent in this place.
 D = Time resting spent in this place.
 E = Time spent auto-exploring this place.
 F = Levels seen in this place.
 G = Mean time per level.
                   A        B        C        D        E       F      G
               +--------+--------+--------+--------+--------+-----+--------+
         Total |   1942 |   1874 |     68 |    177 |   1403 |   2 |  971.0 |
       Dungeon |   1942 |   1874 |     68 |    177 |   1403 |   2 |  971.0 |
               +--------+--------+--------+--------+--------+-----+--------+

Top non-repeatable levels by time:
     D:1: 1692 daAuts
     D:2: 250 daAuts
